 Dungeon Sprint DCSS version 0.28.0-43-g3370ac3207 (webtiles) character file.

Game seed: 16912973259309232056

146 Groucho the Unseen (level 5, -13/24 HPs)
             Began as a Felid Berserker on Mar 27, 2022.
             Was a Believer of Trog.
             Mangled by a yak (14 damage)
             ... in the Dungeon (Sprint I: "Red Sonja").
             The game lasted 00:01:00 (984 turns).

Groucho the Unseen (Felid Berserker)                 Turns: 984, Time: 00:01:01

Health: -13/24     AC:  2    Str: 13    XL:     5   Next: 7%
Magic:  6/6        EV: 18    Int:  9    God:    Trog [**....]
Gold:   314        SH:  0    Dex: 17    Spells: 4/4 levels left
                                        Lives:  0   Deaths: 1

rFire   . . .      SeeInvis +     - Unarmed
rCold   . . .      Faith    .   (shield unavailable)
rNeg    . . .      Spirit   .   (armour unavailable)
rPois   .          Reflect  .   (helmet unavailable)
rElec   .          Harm     .   (cloak unavailable)
rCorr   .          Rampage  .   (gloves unavailable)
Will    .....      NoTele   +   (boots unavailable)
Stlth   +++++++...              (no amulet)
HPRegen 0.08/turn               (no ring)
MPRegen 0.10/turn               (no ring)

@: quick
A: very small, claws 1, fangs 3, see invisible, speed 1, shaggy fur 2, stealthy
paws, no weapons or thrown items, no armour, multi-lived
a: Renounce Religion, Berserk, Trog's Hand


You were in the Dungeon.
You worshipped Trog.
Trog was pleased with you.
You visited 1 branch You collected 314 gold pieces.

Inventory:

Wands
 g - a wand of iceblast (5)
Scrolls
 f - a scroll of blinking
Potions
 a - 2 potions of curing
 b - a potion of heal wounds
 c - a potion of haste
 d - 2 potions of magic
 e - a potion of berserk rage
 h - 2 potions of brilliance {unknown}


   Skills:
 - Level 3.0 Fighting
 - Level 4.0 Dodging
 + Level 17.3 Stealth
 - Level 3.0 Unarmed Combat


You had 4 spell levels left.
You didn't know any spells.
Your spell library was empty.

Dungeon Overview and Level Annotations

Branches:
Dungeon (1/1)

Altars:
Cheibriados
Dithmenos
Elyvilon
Fedhas
Gozag
Hepliaklqana
Kikubaaqudgha
Okawaru
Qazlal
Ru
Sif Muna
Trog
Uskayaw
Vehumet
Wu Jian
Yredelemnul
Zin
The Shining One

Shops:
D [


Innate Abilities, Weirdness & Mutations

You have sharp claws.
You have razor-sharp teeth.
You have supernaturally acute eyesight. (SInv)
You cover ground quickly. (Speed+)
You are covered in thick fur. (AC +2)
Your paws help you pounce on unaware monsters.
You are incapable of wielding weapons or throwing items.
You cannot wear armour.
You gain extra lives every three experience levels.


Message History

There is an open door here.
There is a shimmering blue altar of Sif Muna here.
There is a shimmering blue altar of Sif Muna here.
The yak misses you.
There is an open door here.
You scratch the yak.
The yak is heavily wounded.
The yak barely misses you.
You scratch the yak but do no damage. You bite the yak.
The yak is severely wounded.
The yak gores you.
You claw the yak!
The yak is almost dead.
The yak gores you!
You scratch the yak. Your bite misses the yak.
The yak is almost dead.
The yak closely misses you.
You barely miss the yak.
The yak is almost dead.
The yak misses you.
Unknown command.
Unknown command.
You completely miss the yak. You bite the yak.
The yak is almost dead.
The yak misses you.
Unknown command.
Unknown command.
You barely miss the yak.
The yak is almost dead.
Unknown command.
You scratch the yak.
The yak is almost dead.
The yak gores you!
Ouch! That really hurt!
* * * LOW HITPOINT WARNING * * *
You scratch the yak but do no damage.
The yak is almost dead.
The yak gores you!
Ouch! That really hurt!
You die...

################
#<.#..'..#.)'..#
#..'..#.)'..#..+
#..#####'#####@#
#.)# #..#...#Y#
#..#__####..##.#
#..#_____##'#_.+
#⌠⌠#_.∩...†..._#
####_..__##_.#'#
#____ ##+#)#
#### ###


You could see a yak.

Vanquished Creatures
  Sigmund (D)
  An ogre (D)
  A jelly (D)
  Ijyb (D)
4 creatures vanquished.

Notes
Turn   | Place    | Note
-------+----------+-------------------------------------------
     0 | D        | Groucho the Felid Berserker began the quest for the Orb.
     0 | D        | Reached XP level 1. HP: 10/10 MP: 2/2
     2 | D        | Noticed Ijyb
    19 | D        | Killed Ijyb
    20 | D        | Reached skill level 8 in Stealth
    20 | D        | Reached XP level 2. HP: 5/14 MP: 3/3
   484 | D        | Noticed an ogre
   486 | D        | Killed an ogre
   487 | D        | Reached skill level 12 in Stealth
   487 | D        | Reached XP level 3. HP: 17/17 MP: 4/4
   487 | D        | Reached XP level 4. HP: 21/21 MP: 5/5
   500 | D        | Noticed Sigmund
   502 | D        | Killed Sigmund
   502 | D        | Reached ** piety under Trog
   503 | D        | Reached skill level 16 in Stealth
   503 | D        | Reached XP level 5. HP: 24/24 MP: 6/6
   514 | D        | Found a shimmering blue altar of Sif Muna.
   515 | D        | Found an ornate altar of the Wu Jian Council.
   516 | D        | Found a radiant altar of Vehumet.
   521 | D        | Reached skill level 17 in Stealth
   521 | D        | Gained mutation: You are covered in thick fur. (AC +2)
                  | [Felid growth]
   521 | D        | Reached XP level 6. HP: 9/28 MP: 7/7
   953 | D        | Found Atix's Antique Armour Emporium.
   953 | D        | Found an ancient bone altar of Kikubaaqudgha.
   953 | D        | Found a hazy altar of Hepliaklqana.
   953 | D        | Found a stormy altar of Qazlal.
   953 | D        | Found a hide-covered altar of Uskayaw.
   953 | D        | Found a blossoming altar of Fedhas.
   953 | D        | Found a bloodstained altar of Trog.
   953 | D        | Found an iron altar of Okawaru.
   953 | D        | Found a basalt altar of Yredelemnul.
   953 | D        | Found a glowing golden altar of the Shining One.
   953 | D        | Found a snail-covered altar of Cheibriados.
   953 | D        | Found a sacrificial altar of Ru.
   953 | D        | Found a glowing silver altar of Zin.
   953 | D        | Found a shadowy altar of Dithmenos.
   953 | D        | Found a white marble altar of Elyvilon.
   953 | D        | Noticed a yak
   954 | D        | Found an opulent altar of Gozag.
   962 | D        | Slain by a yak
   963 | D        | Reached XP level 5. HP: -2/24 MP: 6/6
   983 | D        | HP: 1/24 [yak (13)]
   984 | D        | Mangled by a yak

Illustrated notes

Levels and vault maps discovered:
D:        dungeon_sprint_1 [red_sonja_temple_1, red_sonja_temple_small_1]

Skill      XL: |  1  2  3  4  5 |
---------------+----------------+-----
Stealth        | 8 12 16 17 | 17.3
Fighting       | |  3.0
Dodging        | |  4.0
Unarmed Combat | |  3.0

Action                   |  1- 3 |  4- 6 || total
-------------------------+-------+-------++-------
Melee: Unarmed           |    14 |    20 ||    34
       Bite              |       |     4 ||     4
       Punch             |       |     1 ||     1
Invok: Berserk           |     1 |       ||     1
       Trog's Hand       |       |     1 ||     1
 Stab: Sleeping          |     1 |     1 ||     2
Dodge: Dodged            |     4 |    11 ||    15
